 Dungeon Crawl Stone Soup version 0.31.0-32-g396128a36d (webtiles) character file.

Game seed: 8264087524775240565

158 PaiMei the Grave Robber (level 5, -5/38 HPs)
             Began as a Demonspawn Necromancer on Apr 18, 2024.
             Killed from afar by a white imp (8 damage)
             ... with a puff of frost
             ... on level 6 of the Dungeon.
             The game lasted 00:03:28 (3129 turns).

PaiMei the Grave Robber (Demonspawn Necromancer)    Turns: 3129, Time: 00:03:29

Health: -5/38      AC:  3    Str:  9    XL:     5   Next: 16%
Magic:  9/9        EV: 12    Int: 21    God:
Gold:   128        SH:  0    Dex: 13    Spells: 5/9 levels left

rFire   . . .        n - +1 dagger (venom)
rCold   . . .        (no shield)
rNeg    . . .        a - +0 robe
rPois   .            (no helmet)
rElec   .            (no cloak)
rCorr   .            o - +0 pair of gloves
SInv    .            (no boots)
Will    .....        (no amulet)
Stlth   ++           (no ring)
HPRegen 0.26/turn    (no ring)
MPRegen 0.11/turn

%: no passive effects
@: no status effects
A: spiny 1, big brain 2
a: no special abilities


You were on level 6 of the Dungeon.
You visited 1 branch of the dungeon, and saw 4 of its levels.

You collected 128 gold pieces.

Inventory:

Hand Weapons
 c - a +0 dagger
 i - a +2 dagger of protection
 n - a +1 dagger of venom (weapon)
Missiles
 m - 2 poisoned darts (quivered)
Armour
 a - a +0 robe (worn)
 o - a +0 pair of gloves (worn)
Scrolls
 d - a scroll of teleportation {unknown}
 e - a scroll of noise {unknown}
 g - a scroll of fog {unknown}
 j - a scroll of revelation {unknown}
 l - a scroll of blinking {unknown}
 p - a scroll of enchant weapon {unknown}
Potions
 b - a potion of magic
 f - a potion of attraction {unknown}
 h - a potion of curing {unknown}
 k - a potion of brilliance {unknown}


   Skills:
 + Level 1.7 Fighting
 + Level 2.9 Dodging
 - Level 2.2 Stealth
 + Level 2.9 Spellcasting
 + Level 5.2 Necromancy


You had 5 spell levels left.
You knew the following spells:

 Your Spells              Type           Power      Damage    Failure   Level
a - Necrotise             Necr           100%       1d9       1%          1
b - Vampiric Draining     Necr           25%        2d7       4%          3

Your spell library contained the following spells:

 Spells                   Type           Power      Damage    Failure   Level
 Fugue of the Fallen      Necr           25%        N/A       4%          3
 Animate Dead             Necr           25%        N/A       16%         4
 Ensorcelled Hibernation  Hex/Ice        6%         N/A       21%         2
 Anguish                  Hex/Necr       7%         N/A       41%         4
 Curse of Agony           Necr           25%        N/A       41%         5


Dungeon Overview and Level Annotations

Branches:
Dungeon (3/15)

Altars:
Ashenzari


Innate Abilities, Weirdness & Mutations

You are partially covered in sharp spines.
You have an extremely huge brain. (Int +4)


Message History

p - a scroll labelled KUIPLUCV WAMO A white imp comes into view.
The white imp shouts!
The white imp gestures at you. The puff of frost hits you!
There is a stone staircase leading down here.
You start resting.
A white imp is nearby!
You hit the white imp.
You punch the white imp, but do no damage.
The white imp is moderately wounded.
The white imp barely misses you.
You hit the white imp but do no damage.
The white imp is moderately wounded.
The white imp hits you but does no damage.
You hit the white imp.
The white imp is heavily wounded.
The white imp gestures at you. The puff of frost hits you!
You barely miss the white imp.
The white imp is heavily wounded.
The white imp gestures at you. The puff of frost hits you!
* * * LOW HITPOINT WARNING * * *
You hit the white imp.
The white imp is severely wounded.
The white imp closely misses you.
You hit the white imp but do no damage.
The white imp is poisoned.
The white imp is heavily wounded.
The white imp gestures at you. The puff of frost hits you!
* * * LOW HITPOINT WARNING * * *
You barely miss the white imp.
The white imp is heavily wounded.
The white imp barely misses you.
You hit the white imp.
The white imp is almost dead.
The white imp gestures at you. The puff of frost hits you!
You die...

....... .......
.....[. .......
#####....... #.
...........
#.####.........
.....#.5..#
#####..#.@#.#
#.........# #
#.........#
#.........#
#.........#
..#........###..#
...............#
###.....####..#
##...## #


You could see a white imp (poisoned).

Vanquished Creatures
  An iguana (D:3)
  2 orc wizards (D:3)
  2 adders (D:2)
  A dart slug (D:1)
  7 orcs (D:3)
  A bat (D:1)
  10 endoplasms
  4 giant cockroaches
  6 goblins
  3 hobgoblins
  3 kobolds
  A quokka (D:2)
  3 ball pythons
  7 frilled lizards
  2 rats (D:1)
53 creatures vanquished.

Vanquished Creatures (collateral kills)
  A frilled lizard (D:2)
  A kobold (D:2)
2 creatures vanquished.

Grand Total: 55 creatures vanquished

Notes
Turn   | Place    | Note
-------+----------+-------------------------------------------
     0 | D:1      | PaiMei the Demonspawn Necromancer began the quest for the
                  | Orb.
     0 | D:1      | Reached XP level 1. HP: 13/13 MP: 3/3
   256 | D:1      | Gained mutation: You are partially covered in sharp spines.
                  | [demonic ancestry]
   256 | D:1      | Reached XP level 2. HP: 19/19 MP: 0/5
   958 | D:1      | Gained mutation: You have an unusually large brain. (Int
                  | +2) [demonic ancestry]
   958 | D:1      | Reached XP level 3. HP: 24/24 MP: 3/6
   962 | D:1      | Learned a level 3 spell: Vampiric Draining
  2314 | D:3      | Reached skill level 1 in Fighting
  2314 | D:3      | Reached skill level 5 in Necromancy
  2314 | D:3      | Reached XP level 4. HP: 32/32 MP: 1/7
  3022 | D:3      | Found a broken altar of Ashenzari.
  3033 | D:3      | Gained mutation: You have an extremely huge brain. (Int +4)
                  | [demonic ancestry]
  3033 | D:3      | Reached XP level 5. HP: 35/38 MP: 2/9
  3102 | D:3      | You fall into a shaft and drop 3 floors!
  3129 | D:6      | Killed from afar by a white imp

Illustrated notes

Levels and vault maps discovered:
D:1:      wheals_arrival_linesprint, layout_basic
D:2:      layout_basic, eino_tiny_chamber, grunt_ministairs_13,
          wander_ebering_terrifying_dragon_lair
D:3:      layout_loops_ring, old_standard_altar, serial_shops, shop,
          dreamdust_mushroom_princess
D:6:      cheibrodos_barr_body, layout_basic, uniq_sigmund

Skill      XL: |  1  2  3 |
---------------+----------+-----
Stealth        | 2 |  2.2
Dodging        | 2 |  2.9
Fighting       | 1 |  1.7
Necromancy     | 5 |  5.2
Spellcasting   | |  2.9

Action                     |  1- 3 |  4- 6 || total
---------------------------+-------+-------++-------
  Melee: Dagger            |     9 |    10 ||    19
         Punch             |       |     1 ||     1
   Cast: Necrotise         |    76 |    29 ||   105
         Vampiric Draining |       |     1 ||     1
 Armour: Robe              |    10 |    11 ||    21
  Dodge: Dodged            |    17 |     9 ||    26
